Map: Reclamation LE

Players

MattBarry

  • Race: Protoss Protoss
  • League: Gold
  • Spawn Location: 11:00

MattBarry

  • Race: Zerg Zerg
  • League: Silver
  • Spawn Location: 12:00

Demogorgon - Winner!

  • Race: Protoss Protoss
  • Spawn Location: 6:00

Adamthehobo - Winner!

  • Race: Protoss Protoss
  • Spawn Location: 5:00

VOD

Have the link to the VOD?

Description

Time

  • Played on: Jan. 20, 2023, 1:22 a.m.
  • Length: 4:29
Show
View Real Time Build Order
Export as new Build Order

MattBarry Protoss 

Build Orders:  

Get SALT Encoding   

  12  0:00  Probe  
  13  0:13  Probe  
  14  0:18  Pylon  
  14  0:25  Probe  
  15  0:37  Gateway  
  15  0:40  Probe  
  16  0:45  Assimilator  
  16  0:52  Probe  
  17  1:04  Probe  
  18  1:47  Forge  
  18  2:01  Pylon  
  18  2:03  Pylon  
  18  2:29  Photon Cannon  
  18  2:31  Photon Cannon  
  18  2:42  Photon Cannon  
  4  3:28  Photon Cannon  
Show
View Real Time Build Order
Export as new Build Order

MattBarry Zerg 

Build Orders: Hatch First 

Get SALT Encoding   

  12  0:00  Drone  
  13  0:12  Overlord  
  13  0:17  Drone  
  14  0:31  Drone  
  14  0:32  Drone  
  16  0:55  Hatchery  
  15  1:01  Drone  
  15  1:02  Drone  
  17  1:07  Drone  
  18  1:15  Spawning Pool  
  17  1:20  Drone  
  17  1:21  Extractor  
  18  2:01  Zergling x2  
  18  2:02  Zergling x4  
  21  2:08  Queen, Spine Crawler  
  21  2:10  Spine Crawler  
  21  2:16  Drone  
  22  2:29  Overlord  
  22  2:32  Extractor  
  22  2:34  Zergling x2  
  23  2:49  Queen  
  25  3:02  Zergling x2  
  25  3:03  Zergling x2  
  24  3:21  Zergling x2  
  24  3:22  Zergling x2  
  23  3:34  Overlord  
  23  4:00  Drone  
  23  4:01  Overlord  
  23  4:02  Drone  
Show
View Real Time Build Order
Export as new Build Order

Demogorgon Protoss - Winner!

Build Orders: Oracle Opening 

Get SALT Encoding   

  12  0:00  Probe  
  13  0:12  Probe  
  14  0:18  Pylon  
  14  0:24  Probe (Chrono Boost)  
  15  0:38  Probe (Chrono Boost)  
  15  0:39  Gateway  
  16  0:43  Probe (Chrono Boost)  
  17  0:55  Forge  
  17  0:59  Probe  
  18  1:11  Probe  
  18  1:12  Assimilator  
  18  1:18  Assimilator  
  19  1:24  Probe  
  20  1:29  Cybernetics Core  
  20  1:46  Photon Cannon  
  20  1:49  Photon Cannon  
  20  2:11  Stargate  
  20  2:17  Pylon, Stalker  
  20  2:22  Pylon  
  23  2:30  Probe (Chrono Boost)  
  23  2:40  Probe (Chrono Boost)  
  24  2:45  Probe (Chrono Boost)  
  24  2:47  Stalker  
  27  2:56  Oracle  
  30  3:25  Nexus  
  30  3:41  Fleet Beacon  
  30  3:53  Probe (Chrono Boost)  
  31  4:05  Probe (Chrono Boost)  
  32  4:10  Probe (Chrono Boost)  
  33  4:22  Assimilator  
  34  4:26  Assimilator  
Show
View Real Time Build Order
Export as new Build Order

Adamthehobo Protoss - Winner!

Build Orders:  

Get SALT Encoding   

  12  0:00  Probe  
  13  0:13  Probe  
  14  0:17  Pylon  
  14  0:25  Probe  
  15  0:42  Forge  
  15  0:46  Probe  
  16  0:58  Probe  
  16  1:01  Pylon  
  17  1:10  Pylon  
  17  1:22  Photon Cannon  
  17  1:24  Photon Cannon  
  17  1:47  Pylon  
  17  1:52  Pylon  
  16  2:01  Pylon  
  16  2:10  Photon Cannon  
  16  2:12  Photon Cannon  
  16  2:14  Pylon  
  16  2:21  Photon Cannon  
  16  2:32  Pylon  
  16  2:35  Photon Cannon  
  16  2:42  Photon Cannon  
  16  2:57  Photon Cannon  
  16  3:07  Photon Cannon  
  16  3:08  Probe (Chrono Boost)  
  17  3:35  Photon Cannon  
  17  3:44  Pylon  
  17  3:47  Probe (Chrono Boost)  
  18  3:57  Probe (Chrono Boost)  
Tags
 
Add a new tag
Caveats
  • Supply blocks, unpowered buildings, or Contaminate may cause inaccurate times.
  • Supply counts are checked every 10 seconds.